 Dungeon Crawl Stone Soup version 0.30-a0-1164-ge08a67761e (webtiles) character file.

Game seed: 13715352327468962862

8964 jasper the Thaumaturge (level 11, -5/52 HPs)
             Began as a Spriggan Earth Elementalist on Apr 29, 2023.
             Was a Believer of Vehumet.
             Slain by a yak (15 damage)
             ... on level 11 of the Dungeon.
             The game lasted 00:13:15 (9165 turns).

jasper the Thaumaturge (SpEE)                       Turns: 9165, Time: 00:13:15

Health: -5/52      AC:  3    Str:  4    XL:     11   Next: 16%
Magic:  26/26      EV: 26    Int: 20    God:    Vehumet [**....]
Gold:   353        SH:  0    Dex: 17    Spells: 11/30 levels left

rFire   . . .        p - staff of earth
rCold   + . .        (shield currently unavailable)
rNeg    . . .        a - +1 robe
rPois   .            (helmet restricted)
rElec   .            Q - scarf {repulsion}
rCorr   .            (gloves unavailable)
SInv    +            (boots unavailable)
Will    +....        I - amulet of magic regeneration
Stlth   ++           r - +5 ring of evasion
HPRegen 0.28/turn    g - ring of protection from cold
MPRegen 0.60/turn

%: repel missiles
@: very quick
A: very small, no large weapons, unfitting armour, see invisible, speed 3
a: Renounce Religion


You were on level 11 of the Dungeon.
You worshipped Vehumet.
Vehumet was pleased with you.
You visited 1 branch of the dungeon, and saw 11 of its levels.

You collected 509 gold pieces.
You spent 156 gold pieces at shops.

Inventory:

Hand Weapons
 f - a +4 short sword
Missiles
 i - 12 boomerangs
 H - 4 curare-tipped darts
Armour
 a - a +1 robe (worn)
 h - an orb of light
 Q - a scarf of repulsion (worn)
Magical Staves
 p - a staff of earth (weapon)
Jewellery
 c - a ring of poison resistance
 g - a ring of protection from cold (right hand)
 o - an amulet of faith
 r - a +5 ring of evasion (left hand)
 s - a ring of fire
 v - a ring of willpower
 I - an amulet of magic regeneration (around neck)
 K - a ring of magical power
 N - a +5 ring of evasion
 O - a ring of willpower
Wands
 D - a wand of roots (10)
 M - a wand of charming (6)
Scrolls
 k - 7 scrolls of teleportation
 l - 2 scrolls of vulnerability
 n - a scroll of poison
 u - a scroll of torment
 y - 2 scrolls of enchant weapon
 A - 3 scrolls of immolation
 B - 2 scrolls of identify
 C - a scroll of enchant armour
 E - a scroll of amnesia
 F - a scroll of silence
 G - 3 scrolls of magic mapping
 J - a scroll of fog
 P - a scroll of fear
Potions
 b - 3 potions of magic
 d - 2 potions of lignification
 e - 3 potions of degeneration
 j - 2 potions of berserk rage
 m - 8 potions of curing
 q - 4 potions of ambrosia
 t - a potion of brilliance
 w - 2 potions of attraction
 x - 2 potions of heal wounds
 z - 2 potions of haste
 L - 3 potions of flight
 R - a potion of mutation {unknown}
 S - a potion of invisibility {unknown}


   Skills:
 - Level 3.5 Fighting
 - Level 6.5 Dodging
 - Level 3.0 Stealth
 + Level 10.2 Spellcasting
 - Level 4.1 Conjurations
 - Level 6.7 Hexes
 + Level 5.5 Summonings
 + Level 9.6 Translocations
 - Level 1.3 Transmutations
 - Level 6.4 Earth Magic


You had 11 spell levels left.
You knew the following spells:

 Your Spells              Type           Power      Damage    Failure   Level
a - Sandblast             Erth           100%       2d20      1%          1
b - Passwall              Tmut/Erth      31%        N/A       1%          2
c - Stone Arrow           Conj/Erth      94%        3d12      2%          3
d - Malign Gateway        Summ/Tloc      20%        N/A       95%         7
e - Fulminant Prism       Conj/Hex       15%        3d10      8%          4
f - Sublimation of Blood  Necr           10%        N/A       11%         2

Your spell library contained the following spells:

 Spells                   Type           Power      Damage    Failure   Level
 Foxfire                  Conj/Fire      72%        2x1d7     3%          1
 Magic Dart               Conj           100%       1d8       1%          1
 Searing Ray              Conj           52%        2d6       1%          2
 Petrify                  Tmut/Erth      38%        N/A       14%         4
 Ignite Poison            Fire/Tmut/Pois 12%        N/A       17%         3
 Frozen Ramparts          Ice            20%        1d4       21%         3
 Summon Ice Beast         Ice/Summ       21%        N/A       22%         4
 Sticky Flame             Conj/Fire      18%        2d4       28%         4
 Ice Form                 Ice/Tmut       12%        N/A       45%         4
 Irradiate                Conj/Tmut      10%        3d15      52%         5
 Ignition                 Fire           5%         3d4       100%        8
 Summon Horrible Things   Summ           16%        N/A       100%        8


Dungeon Overview and Level Annotations

Branches:
Dungeon (11/15)            Temple (0/1) D:7            Lair (0/5) D:11
    Orc (0/2) D:9

Altars:
Dithmenos
Hepliaklqana
Vehumet
Wu Jian
Xom
Yredelemnul
Zin

Shops:
D:1 =   D:4 ?   D:5 !

Annotations:
D:9 Harold


Innate Abilities, Weirdness & Mutations

You are very small and have problems with some larger weapons.
You are too small for most types of armour.
You have supernaturally acute eyesight. (SInv)
You cover ground extremely quickly. (Speed+++)


Message History

Press: ? - help, Q - select action, (/) - cycle Shift-Dir - straight line, f - yak
Aim: a yak (91% to hit)
You feel a surge of power!
The blast of sand hits the yak!
The yak is moderately wounded.
The yak closely misses you. The yak gores you.
You take 2 damage, and have 50/52 hp.
Aiming: Sandblast (safe; 1% risk of failure)
Press: ? - help, Q - select action, (/) - cycle Shift-Dir - straight line, f/p - yak
Aim: a yak (moderately wounded, 91% to hit)
You feel a surge of power!
The blast of sand hits the yak!!
The yak is almost dead.
The yak bellows!
The yak closely misses you. The yak completely misses you. The yak gores you.
The yak barely misses you. The yak gores you. The yak completely misses you.
You take 11 damage, and have 39/52 hp.
MASSIVE DAMAGE!!
Aiming: Sandblast (safe; 1% risk of failure)
Press: ? - help, Q - select action, (/) - cycle Shift-Dir - straight line, f/p - yak
Aim: a yak (almost dead, 91% to hit)
You feel a surge of power!
The blast of sand hits the yak!!
You kill the yak!
Vehumet accepts your kill. The yak closely misses you. The yak gores you!
The yak completely misses you.
You take 7 damage, and have 32/52 hp.
Aiming: Sandblast (safe; 1% risk of failure)
Press: ? - help, Q - select action, (/) - cycle Shift-Dir - straight line, f - yak
Aim: a yak (91% to hit)
You feel a surge of power!
The blast of sand hits the yak!
The yak is moderately wounded.
The yak completely misses you. x2; The yak barely misses you.
The yak gores you! The yak misses you. x2
You take 8 damage, and have 24/52 hp.
Aiming: Sandblast (safe; 1% risk of failure)
Press: ? - help, Q - select action, (/) - cycle Shift-Dir - straight line, f/p - yak
Aim: a yak (moderately wounded, 91% to hit)
You feel a surge of power!
The blast of sand hits the yak.
The yak is moderately wounded.
The yak gores you!
* * * LOW HITPOINT WARNING * * *
The yak misses you. The yak gores you!
You die...

. ## .. #. .). #. #####
.... #.#############....
.....#..................
......Y†........###....#
.....YY@...#######.....#
......Y##### #....##
......# #...## ......
#..## ....[ #### ....#
####


You could see 4 yaks.

Vanquished Creatures
  A two-headed ogre (D:11)
  A deep elf pyromancer (D:11)
  A komodo dragon (D:11)
  An unseen horror (D:10)
  3 trolls
  2 hornets (D:9)
  15 yaks
  A wraith (D:8)
  3 wyverns
  A shadow (D:10)
  An acid dragon (D:8)
  3 water moccasins
  A black bear (D:8)
  2 orc warriors
  2 sky beasts
  4 ogres
  A centaur (D:8)
  2 phantoms
  3 kobold brigands
  A scorpion (D:5)
  A bullfrog (D:8)
  18 killer bees
  An electric eel (D:9)
  2 hounds
  2 jellies
  2 gnoll boudas
  3 orc priests
  A sleepcap (D:5)
  11 orc wizards
  An iguana (D:5)
  11 gnolls
  7 adders
  A shadow imp (D:8)
  A white imp (D:5)
  3 worms
  2 dart slugs
  22 orcs
  3 ball pythons
  6 bats
  5 endoplasms
  A giant cockroach (D:3)
  5 goblins
  3 hobgoblins
  15 jackals
  7 quokkas
  7 frilled lizards
  18 kobolds
  6 rats
214 creatures vanquished.

Vanquished Creatures (others)
  2 plants (D:3)
2 creatures vanquished.

Grand Total: 216 creatures vanquished

Notes
Turn   | Place    | Note
-------+----------+-------------------------------------------
     0 | D:1      | jasper the Spriggan Earth Elementalist began the quest for
                  | the Orb.
     0 | D:1      | Reached XP level 1. HP: 9/9 MP: 5/5
   218 | D:1      | Reached XP level 2. HP: 13/13 MP: 1/6
   298 | D:1      | Found Kiadiot's Jewellery Boutique.
   371 | D:1      | Reached skill level 3 in Spellcasting
   389 | D:1      | Learned a level 2 spell: Passwall
  1000 | D:1      | Reached XP level 3. HP: 17/17 MP: 5/8
  1198 | D:2      | Reached skill level 1 in Fighting
  1319 | D:2      | Reached XP level 4. HP: 22/22 MP: 6/10
  1323 | D:2      | Learned a level 3 spell: Stone Arrow
  2559 | D:3      | Found a glowing silver altar of Zin.
  2561 | D:3      | Reached XP level 5. HP: 25/25 MP: 9/11
  2846 | D:3      | Found a faded altar of an unknown god.
  3270 | D:4      | Reached skill level 4 in Spellcasting
  3729 | D:4      | Reached XP level 6. HP: 24/30 MP: 11/13
  3791 | D:4      | Found Uwapitses's Magic Scroll Emporium.
  3799 | D:4      | Bought a scroll of teleportation for 36 gold pieces
  3799 | D:4      | Bought a scroll of immolation for 48 gold pieces
  3799 | D:4      | Bought a scroll of identify for 24 gold pieces
  3799 | D:4      | Bought a scroll of identify for 24 gold pieces
  3799 | D:4      | Bought a scroll of identify for 24 gold pieces
  3838 | D:5      | Entered Level 5 of the Dungeon
  3995 | D:5      | Noticed a troll
  4031 | D:5      | Killed a troll
  4032 | D:5      | Reached skill level 5 in Dodging
  4032 | D:5      | Reached skill level 5 in Earth Magic
  4032 | D:5      | Reached XP level 7. HP: 35/35 MP: 7/15
  4112 | D:5      | Reached skill level 5 in Spellcasting
  4309 | D:5      | Found a shadowy altar of Dithmenos.
  4332 | D:5      | Found a basalt altar of Yredelemnul.
  4467 | D:5      | Found Goleil's Distillery.
  4476 | D:5      | Reached XP level 8. HP: 40/40 MP: 12/17
  4964 | D:6      | Reached skill level 6 in Spellcasting
  5386 | D:7      | Found a radiant altar of Vehumet.
  5430 | D:7      | Learned a level 7 spell: Malign Gateway
  5435 | D:7      | Learned a level 4 spell: Fulminant Prism
  5475 | D:7      | Reached skill level 1 in Translocations
  5512 | D:7      | Became a worshipper of Vehumet
  5517 | D:7      | Identified the +6 trident "Sarcophage" {freeze, *Corrode
                  | rPois Str+6 Dex-2}
  5520 | D:7      | Reached skill level 1 in Hexes
  5598 | D:7      | Reached skill level 1 in Summonings
  5626 | D:7      | Found a staircase to the Ecumenical Temple.
  5669 | D:7      | Reached skill level 1 in Conjurations
  5949 | D:8      | Reached XP level 9. HP: 44/44 MP: 17/20
  6072 | D:8      | Reached skill level 7 in Spellcasting
  6258 | D:8      | Found an ornate altar of the Wu Jian Council.
  6260 | D:8      | Found a shimmering altar of Xom.
  6462 | D:8      | Identified the +1 buckler of Cowardice {rPois rF- rCorr
                  | Dex-3}
  6689 | D:8      | Reached * piety under Vehumet
  6689 | D:8      | Offered knowledge of Freeze by Vehumet.
  6978 | D:9      | Reached skill level 5 in Translocations
  7044 | D:9      | Reached skill level 8 in Spellcasting
  7059 | D:9      | Reached skill level 5 in Hexes
  7270 | D:9      | Found a staircase to the Orcish Mines.
  7286 | D:9      | Reached XP level 10. HP: 49/49 MP: 19/23
  7568 | D:9      | Noticed Harold
  7599 | D:10     | Entered Level 10 of the Dungeon
  7724 | D:10     | Reached ** piety under Vehumet
  7983 | D:10     | Offered knowledge of Foxfire by Vehumet.
  8014 | D:10     | Reached skill level 9 in Spellcasting
  8083 | D:10     | Found a hazy altar of Hepliaklqana.
  8204 | D:10     | Noticed a centaur warrior
  8205 | D:10     | Noticed an orc knight
  8456 | D:11     | Noticed a two-headed ogre
  8461 | D:11     | Killed a two-headed ogre
  8760 | D:11     | Reached skill level 5 in Summonings
  8842 | D:11     | Noticed a deep elf pyromancer
  8847 | D:11     | Reached XP level 11. HP: 52/52 MP: 25/25
  9063 | D:11     | Killed a deep elf pyromancer
  9094 | D:11     | Found a staircase to the Lair.
  9105 | D:11     | Reached skill level 10 in Spellcasting
  9121 | D:11     | Learned a level 2 spell: Sublimation of Blood
  9165 | D:11     | Slain by a yak

Illustrated notes

Levels and vault maps discovered:
D:1:      dpeg_chamrin_arrival_tetris, layout_loops_ring, serial_shops,
          nicolae_shop_statue_plus, minmay_misc_feat_plants, minmay_tromino_v2
D:2:      layout_rooms
D:3:      layout_loops_corners, mainiacjoe_overflow_six_doors_small,
          shapermc_ecumenical_altar_petra, hangedman_abyss_or_decor_stabs,
          nrook_mini_vaults
D:4:      layout_gridville, serial_shops, nicolae_shop_tiny_real_fake_doors
D:5:      layout_rooms, mainiacjoe_overflow_divided_tiny, serial_shops,
          kennysheep_mini
D:6:      layout_loops_ring
D:7:      layout_gridville, mainiacjoe_overflow_chevrons,
          minmay_temple_entry_mini_moons, minmay_curled_crystal
D:8:      layout_cave_pods, mainiacjoe_overflow_catwalk_spiral
D:9:      layout_basic, uniq_harold
D:10:     layout_big_octagon, nicolae_hepliaklqana_hippocampus,
          lightli_corner_chamber
D:11:     layout_cave_pods, lair_entry_dummy

Skill      XL: |  1  2  3  4  5  6  7  8  9 10 11 |
---------------+----------------------------------+-----
Dodging        | 3 4 5 6 |  6.5
Earth Magic    | 3 4 5 6 |  6.4
Spellcasting   | 3 4 5 6 8 9 10 | 10.2
Fighting       | 1 2 3 |  3.5
Translocations | 3 6 8 9 |  9.6
Hexes          | 2 5 6 |  6.7
Summonings     | 1 3 5 |  5.5
Conjurations   | 1 3 4 |  4.1
Stealth        | |  3.0
Transmutations | |  1.3

Action                     |  1- 3 |  4- 6 |  7- 9 | 10-12 || total
---------------------------+-------+-------+-------+-------++-------
  Melee: Short sword       |     8 |       |       |       ||     8
         Staff             |       |       |       |     1 ||     1
  Throw: Boomerang         |       |       |     5 |       ||     5
   Cast: Sandblast         |    54 |   102 |   147 |   116 ||   419
  Evoke: Wand              |       |       |     5 |       ||     5
    Use: Scroll            |     8 |    11 |     1 |     2 ||    22
 Armour: Robe              |     3 |     1 |     3 |     4 ||    11
  Dodge: Dodged            |    21 |    48 |    73 |   167 ||   309
         Repelled          |       |       |       |     1 ||     1

Table legend: (Time is in decaauts)
 A = Elapsed time spent in this place.
 B = Non-inter-level travel time spent in this place.
 C = Inter-level travel time spent in this place.
 D = Time resting spent in this place.
 E = Time spent auto-exploring this place.
 F = Levels seen in this place.
 G = Mean time per level.
                   A        B        C        D        E       F      G
               +--------+--------+--------+--------+--------+-----+--------+
         Total |   7126 |   6940 |    186 |    355 |   5332 |  11 |  647.8 |
       Dungeon |   7126 |   6940 |    186 |    355 |   5332 |  11 |  647.8 |
               +--------+--------+--------+--------+--------+-----+--------+

Top non-repeatable levels by time:
     D:3: 991 daAuts
     D:8: 834 daAuts
     D:1: 829 daAuts
    D:10: 798 daAuts
     D:5: 707 daAuts
     D:2: 601 daAuts
     D:9: 541 daAuts
     D:4: 518 daAuts
    D:11: 468 daAuts
     D:6: 419 daAuts
     D:7: 416 daAuts
